 Dungeon Crawl Stone Soup version 0.30-a0-339-g89bb51e (webtiles) character file.

Game seed: 583280628702709215

590811 Dorkslayer the Hoplite (level 27, -9/206 HPs)
             Began as a Gargoyle Fighter on Oct 29, 2022.
             Was the Champion of the Shining One.
             Killed by divine providence
             ... invoked by a royal mummy
              (14 damage)
             ... on level 3 of the Tomb of the Ancients on Oct 31, 2022.
             The game lasted 05:12:42 (53377 turns).

Dorkslayer the Hoplite (Gargoyle Fighter)          Turns: 53377, Time: 05:12:43

Health: -9/206     AC: 73    Str: 28    XL:     27
Magic:  23/23      EV: 17    Int: 11    God:    the Shining One [******]
Gold:   2333       SH: 39    Dex: 29    Spells: 26/26 levels left

rFire   + . .      SeeInvis +    h - +9 trishula (holy)
rCold   + . .      Faith    .    A - +6 tower shield {rF+}
rNeg    + + +      Spirit   .    C - +11 crystal plate armour of Ageff {rPois Dex-4 Slay+4 SInv}
rPois   ∞          Reflect  +    q - +2 helmet {SInv}
rElec   +          Harm     .    P - +2 cloak {Will+}
rCorr   .          Rampage  .    B - +2 pair of gloves {hurl}
Will    ++++.                    K - +2 pair of boots
Stlth   ..........               I - amulet of reflection
HPRegen 0.54/turn                V - ring "Ykioxkae" {*Corrode rElec rPois Str+6 Dex+8}
MPRegen 0.18/turn                U - ring of the Rose {rC+ Dex+6}

@: flying, slowed, glowing, very slow
A: sickness immunity, AC +20, big wings, negative energy resistance 1,
electricity resistance, torment resistance 1, petrification resistance, hooves
1, deterioration 1, strong-willed 1, robust 1, shaggy fur 1
}: 3/15 runes: serpentine, barnacled, silver
a: Renounce Religion, Divine Shield, Cleansing Flame, Summon Divine Warrior


You were on level 3 of the Tomb of the Ancients.
You worshipped the Shining One.
The Shining One was exalted by your worship.
You visited 11 branches of the dungeon, and saw 49 of its levels.
You visited 1 bazaar.
You also visited: Bailey, Gauntlet, Ice Cave and Volcano.

You collected 27064 gold pieces.
You spent 12052 gold pieces at shops.
You paid 12679 gold pieces to Gozag.

Inventory:

Hand Weapons
 h - a +9 trishula of holy wrath (weapon)
 z - the +7 Singing Sword {vorpal, sonic wave}
   (You found it on level 5 of the Dungeon)

   It inflicts extra damage upon your enemies.
   It radiates damaging sonic waves as it strikes, especially in combat
   involving dangerous or numerous foes.
Missiles
 x - 34 javelins (quivered)
 D - 4 throwing nets
 R - 6 silver javelins
Armour
 f - the +18 shield of the Gong {rElec rN+ Will+ EV-5}
   (You bought it in a shop on level 9 of the Dungeon)

   It is deafeningly noisy when blocking attacks.
   EV:        It affects your evasion (-5).
   rElec:     It insulates you from electricity.
   rN:        It protects you from negative energy.
   Will:      It increases your willpower.
 q - a +2 helmet of see invisible (worn)
 A - a +6 tower shield of fire resistance (worn)
 B - a +2 pair of gloves of hurling (worn)
 C - the +11 crystal plate armour of Ageff (worn) {rPois Dex-4 Slay+4 SInv}
   (You acquired it in a bailey)

   Dex:       It affects your dexterity (-4).
   Slay:      It affects your accuracy & damage with ranged weapons and melee
   (+4).
   rPois:     It protects you from poison.
   SInv:      It lets you see invisible.
 K - a +2 pair of boots (worn)
 P - a +2 cloak of willpower (worn)
Jewellery
 e - the ring of Xymemyre {rElec rF+ Str+6 Int+2}
   (You acquired it on level 7 of the Dungeon)

   [ring of strength]

   Str:       It affects your strength (+6).
   Int:       It affects your intelligence (+2).
   rF:        It protects you from fire.
   rElec:     It insulates you from electricity.
 i - the amulet "Mequiwn" {Regen+ Str+2 Slay+6}
   (You took it off an ironbound preserver on level 5 of the Vaults)

   [amulet of regeneration]

   Str:       It affects your strength (+2).
   Slay:      It affects your accuracy & damage with ranged weapons and melee
   (+6).
   Regen:     It increases your rate of health regeneration.
 w - the ring "Vutwutah" {rN+ rCorr Int+6}
   (You found it on level 3 of the Crypt)

   [ring of positive energy]

   Int:       It affects your intelligence (+6).
   rN:        It protects you from negative energy.
   rCorr:     It protects you from acid and corrosion.
 E - the ring of Demons {rN+ rCorr SInv}
   (You found it on level 3 of the Crypt)

   [ring of positive energy]

   rN:        It protects you from negative energy.
   SInv:      It lets you see invisible.
   rCorr:     It protects you from acid and corrosion.
 I - an amulet of reflection (around neck)
 U - the ring of the Rose (right hand) {rC+ Dex+6}
   (You bought it in a shop on level 1 of the Vaults)

   [ring of dexterity]

   Dex:       It affects your dexterity (+6).
   rC:        It protects you from cold.
 V - the ring "Ykioxkae" (left hand) {*Corrode rElec rPois Str+6 Dex+8}
   (You took it off a deep elf pyromancer on level 15 of the Dungeon)

   [ring of strength]

   Str:       It affects your strength (+6).
   Dex:       It affects your dexterity (+8).
   rElec:     It insulates you from electricity.
   rPois:     It protects you from poison.
   *Corrode:  It may corrode you when you take damage.
 X - the ring of Autumn {Fly rElec rC+++ Will- MP-9}
   (You took it off a spriggan berserker on level 2 of the Depths)

   [ring of flight]

   rC:        It renders you almost immune to cold.
   rElec:     It insulates you from electricity.
   MP:        It affects your magic capacity (-9).
   Fly:       It grants you flight.
   Will:      It decreases your willpower.
Wands
 d - a wand of quicksilver (23)
 o - a wand of flame (83)
 p - a wand of charming (46)
 t - a wand of digging (16)
 y - a wand of roots (45)
 T - a wand of mindburst (28)
Scrolls
 k - 2 scrolls of immolation
 m - 24 scrolls of teleportation
 n - 6 scrolls of blinking
 J - 15 scrolls of fog
 N - 3 scrolls of poison
 Q - 3 scrolls of summoning
 Y - 8 scrolls of magic mapping
 Z - 6 scrolls of silence
Potions
 b - 5 potions of berserk rage
 c - 12 potions of brilliance
 j - 42 potions of curing
 l - 3 potions of resistance
 r - 5 potions of ambrosia
 u - 6 potions of might
 v - 7 potions of haste
 G - 3 potions of heal wounds
 H - 15 potions of mutation
 L - 8 potions of magic
 W - 7 potions of cancellation
Miscellaneous
 a - a phantom mirror
 g - a phial of floods
 s - a box of beasts (inert)
 O - a tin of tremorstones (inert)
 S - a lightning rod (2/4)


   Skills:
 * Level 23.2 Fighting
 * Level 19.2 Long Blades
 * Level 13.7 Polearms
 * Level 11.8 Throwing
 * Level 17.4 Armour
 * Level 14.3 Dodging
 + Level 7.0 Stealth
 * Level 26.1 Shields
 * Level 15.2 Evocations


You had 26 spell levels left.
You didn't know any spells.
Your spell library contained the following spells:

 Spells                   Type           Power      Damage    Failure   Level
 Apportation              Tloc           0%         N/A       99%         1
 Beastly Appendage        Tmut           0%         N/A       99%         1
 Foxfire                  Conj/Fire      0%         2x1d4     99%         1
 Freeze                   Ice            0%         1d3       99%         1
 Kiss of Death            Conj/Necr      0%         2d5       99%         1
 Magic Dart               Conj           0%         1d3       99%         1
 Necrotise                Necr           0%         1d4       99%         1
 Sandblast                Erth           0%         2d4       99%         1
 Shock                    Conj/Air       0%         1d3       99%         1
 Slow                     Hex            0%         N/A       99%         1
 Sting                    Tmut/Pois      0%         1d3       99%         1
 Summon Small Mammal      Summ           0%         N/A       99%         1
 Blink                    Tloc           0%         N/A       100%        2
 Ensorcelled Hibernation  Hex/Ice        0%         N/A       100%        2
 Passwall                 Tmut/Erth      0%         N/A       100%        2
 Poisonous Vapours        Pois/Air       0%         N/A       100%        2
 Scorch                   Fire           0%         2d5       100%        2
 Wereblood                Tmut           0%         N/A       100%        2
 Call Canine Familiar     Summ           0%         N/A       100%        3
 Confusing Touch          Hex            0%         N/A       100%        3
 Dazzling Flash           Conj/Hex       0%         N/A       100%        3
 Frozen Ramparts          Ice            0%         1d1       100%        3
 Gell's Gravitas          Tloc           0%         N/A       100%        3
 Hailstorm                Conj/Ice       0%         3d3       100%        3
 Inner Flame              Hex/Fire       0%         N/A       100%        3
 Kindle Blastsparks       Fire/Tloc/Air  0%         2d10      100%        3
 Lesser Beckoning         Tloc           0%         N/A       100%        3
 Mephitic Cloud           Conj/Pois/Air  0%         N/A       100%        3
 Ozocubu's Armour         Ice            0%         N/A       100%        3
 Portal Projectile        Hex/Tloc       0%         N/A       100%        3
 Spider Form              Tmut/Pois      0%         N/A       100%        3
 Stone Arrow              Conj/Erth      0%         3d7       100%        3
 Summon Guardian Golem    Hex/Summ       0%         N/A       100%        3
 Swiftness                Air            0%         N/A       100%        3
 Teleport Other           Tloc           0%         N/A       100%        3
 Tukima's Dance           Hex            0%         N/A       100%        3
 Vampiric Draining        Necr           0%         2d6       100%        3
 Vhi's Electric Charge    Tloc/Air       0%         N/A       100%        3
 Airstrike                Air            0%         2d(0-16)  100%        4
 Anguish                  Hex/Necr       0%         N/A       100%        4
 Animate Armour           Summ/Erth      0%         N/A       100%        4
 Cause Fear               Hex            0%         N/A       100%        4
 Dispel Undead            Necr           0%         3d6       100%        4
 Ice Form                 Ice/Tmut       0%         N/A       100%        4
 Iskenderun's Mystic Bla  Conj/Tloc      0%         2d3       100%        4
 Leda's Liquefaction      Hex/Erth       0%         N/A       100%        4
 Manifold Assault         Tloc           0%         N/A       100%        4
 Olgreb's Toxic Radiance  Pois           0%         N/A       100%        4
 Petrify                  Tmut/Erth      0%         N/A       100%        4
 Summon Ice Beast         Ice/Summ       0%         N/A       100%        4
 Agony                    Necr           0%         N/A       100%        5
 Arcjolt                  Conj/Air       0%         1d10      100%        5
 Blade Hands              Tmut           0%         N/A       100%        5
 Fireball                 Conj/Fire      0%         3d3       100%        5
 Freezing Cloud           Conj/Ice/Air   0%         6-21      100%        5
 Irradiate                Conj/Tmut      0%         3d11      100%        5
 Iskenderun's Battlesphe  Conj           0%         2d6       100%        5
 Lee's Rapid Deconstruct  Erth           0%         3d4*      100%        5
 Silence                  Hex/Air        0%         N/A       100%        5
 Summon Forest            Summ/Tloc      0%         N/A       100%        5
 Summon Mana Viper        Hex/Summ       0%         N/A       100%        5
 Yara's Violent Unravell  Hex/Tmut       0%         3d3       100%        5
 Conjure Ball Lightning   Conj/Air       0%         3x3d6     100%        6
 Dispersal                Tloc           0%         N/A       100%        6
 Eringya's Noxious Bog    Tmut/Pois      0%         N/A       100%        6
 Iron Shot                Conj/Erth      0%         9d1       100%        6
 Simulacrum               Ice/Necr       0%         N/A       100%        6
 Starburst                Conj/Fire      0%         6d3       100%        6
 Enfeeble                 Hex            0%         N/A       100%        7
 Haunt                    Necr/Summ      0%         N/A       100%        7
 Malign Gateway           Summ/Tloc      0%         N/A       100%        7
 Orb of Destruction       Conj           0%         9d5       100%        7
 Ozocubu's Refrigeration  Ice            0%         4d7       100%        7
 Spellforged Servitor     Conj/Summ      0%         N/A       100%        7
 Storm Form               Tmut/Air       0%         N/A       100%        7
 Summon Hydra             Summ           0%         N/A       100%        7
 Discord                  Hex            0%         N/A       100%        8
 Disjunction              Tloc           0%         N/A       100%        8
 Ignition                 Fire           0%         3d3       100%        8
 Summon Horrible Things   Summ           0%         N/A       100%        8
 Chain Lightning          Conj/Air       0%         N/A       100%        9
 Dragon's Call            Summ           0%         N/A       100%        9
 Fire Storm               Conj/Fire      0%         5d1       100%        9
 Polar Vortex             Ice            0%         N/A       100%        9
 Shatter                  Erth           0%         3d5*      100%        9
 Cigotuvi's Dreadful Rot  Necr/Pois/Air  Unusable   N/A       N/A         2
 Sublimation of Blood     Necr           Unusable   N/A       N/A         2
 Statue Form              Tmut/Erth      Unusable   N/A       N/A         6

Dungeon Overview and Level Annotations

Branches:
Dungeon (15/15)            Temple (1/1) D:5            Lair (5/5) D:9
 Shoals (4/4) Lair:2        Snake (4/4) Lair:3        Slime (0/5) Lair:4
    Orc (2/2) D:10            Elf (3/3) Orc:2        Vaults (5/5) D:14
  Crypt (3/3) Vaults:3       Tomb (3/3) Crypt:3      Depths (4/4) D:15
    Zot (0/5) Depths:4     Bailey (visited)           IceCv (visited)
Volcano (visited)         Gauntlet (visited)

Altars:
Ashenzari
Cheibriados
Dithmenos
Elyvilon
Fedhas
Gozag
Hepliaklqana
Kikubaaqudgha
Makhleb
Nemelex Xobeh
Okawaru
Qazlal
Ru
Sif Muna
Trog
Uskayaw
Vehumet
Wu Jian
Xom
Yredelemnul
Zin
The Shining One

Shops:
D:6 :   D:9 **[[(*?   D:10 [   D:15 (![   Orc:2 ?**(??!!   Elf:1 **   Elf:2 =
Shoals:1 *   Snake:1 ![[   Snake:3 *   Vaults:1 =   Vaults:3 ([   Vaults:5 [[
Depths:3 [![[   Depths:4 (

Portals:
Hell: Depths:1 Depths:2 Depths:3 Depths:4
Abyss: Depths:2 Depths:3
Pandemonium: Depths:1 Depths:2 Depths:3 Depths:4
Ziggurat: Depths:3

Annotations:
Elf:2 1 runed translucent door
Depths:2 1 runed translucent door


Innate Abilities, Weirdness & Mutations

You are immune to sickness and miasma.
Your stone body is resilient. (AC +20)
You are immune to poison.
Your large and strong wings let you fly.
You resist negative energy. (rN+)
You are resistant to electric shocks. (rElec)
You are resistant to unholy torment.
You are immune to petrification.
You have large cloven feet.
Your body sometimes deteriorates upon taking damage.
You are strong-willed. (Will+)
You are robust. (+10% HP)
You are covered in fur. (AC +1)


Message History

The death scarab's many legs skitter faintly.
Unknown command.
Okay, then.
Activating: Cleansing Flame (75% risk of failure)
Press: ? - help, Dir - look around, f - activate You fail to use your ability.
You block the death scarab's attack. x2
The death scarab bites you but does no damage.
You block the death scarab's attack. The royal mummy misses you.
The death scarab bites you but does no damage.
The royal mummy casts a spell at you. Something smites you!
* * * LOW HITPOINT WARNING * * *
The royal mummy hits you.
* * * LOW HITPOINT WARNING * * *
The royal mummy casts a spell.
The emperor scorpion misses you.
You block the emperor scorpion's attack.
The emperor scorpion claws you but does no damage.
The death scarab misses you.
The royal mummy gestures wildly while chanting.
You block the royal mummy's attack.
The royal mummy mumbles some strange words.
The emperor scorpion closely misses you.
The emperor scorpion claws you but does no damage.
The emperor scorpion misses you.
The emperor scorpion stings you but does no damage.
The emperor scorpion barely misses you.
You block the emperor scorpion's attack.
The death scarab bites you but does no damage.
Unknown command.
Unknown command.
Unknown command.
Blink to where?
Press: ? - help, Dir - move target
Found 138 gold pieces.
As you read the scroll of blinking, it crumbles to dust.
The death scarab waves its antennae.
The royal mummy casts a spell at you. Something smites you!
You die...

.. ..
#'####........
##....##.^......
##$$..... #.......
#$$.....^.##......
##$....^..:<##.....
#$@BB........##....
#$$B.?...$....##...
#[$)$$.$......##..^
#$$$BB$?.......#.[[
#$$$$)BB$$....B#s..
##}$$$$$$$$...BMB..
##)?$$s?$$....#..!
#$$$$Ms.M...#..?
##}$$$$MB..##...


You could see a royal mummy (fast, incited), 2 emperor scorpions and 7 death
scarabs.

Vanquished Creatures
  2 dread liches
  An ancient lich (Vaults:5)
  Khufu (Crypt:3)
  A juggernaut (Depths:4)
  9 royal mummies
  Vashnia (Snake:2)
  Bai Suzhen (Vaults:5)
  Frederick (Vaults:5)
  Vv (Depths:3)
  The ghost of staltz the Evocator, a veteran DDFi of Makhleb (Crypt:2)
  Saint Roka (Depths:2)
  Xtahua (Vaults:2)
  7 golden dragons
  A profane servitor (Crypt:3)
  A bone dragon (Crypt:3)
  3 doom hounds (Crypt:3)
  Grunn (Crypt:3)
  Jorgrun (D:14)
  7 tentacled monstrosities
  2 deep elf blademasters (Elf:3)
  Zenata (Crypt:1)
  A walking earthen tome (Depths:4)
  2 deep elf master archers (Elf:3)
  8 titans
  8 liches
  3 quicksilver dragons
  Polyphemus (Shoals:2)
  7 ancient champions
  12 sphinxes
  8 shadow dragons
  A draconian monk (Depths:4)
  9 storm dragons
  Kirke (D:13)
  9 tengu reavers
  Donald (Shoals:1)
  Roxanne (Shoals:4)
  4 revenants
  14 frost giants
  2 iron dragons
  6 nagarajas
  A draconian knight (Depths:4)
  Louise (Depths:2)
  6 fire giants
  17 vault wardens
  A balrug (Depths:2)
  5 deep elf elementalists (Elf:3)
  4 deep elf sorcerers
  Aizul (Snake:2)
  A draconian stormcaller (Depths:4)
  The ghost of alcopop the Fighter, a journeyman DrRe of Gozag (Lair:3)
  A curse skull (Crypt:1)
  7 ghouls
  A spriggan defender (Depths:2)
  7 orc warlords
  22 ironbound preservers
  7 ironbound thunderhulks
  A juggernaut skeleton (Crypt:2)
  13 stone giants
  10 bennus
  15 very ugly things
  6 war gargoyles
  Nessos (Orc:2)
  7 vampire knights
  2 black draconians (Depths:4)
  3 deep elf annihilators
  10 deep elf demonologists
  Azrael (D:15)
  11 dire elephants
  A white draconian (Depths:4)
  A yellow draconian (Depths:4)
  A minotaur (Gauntlet)
  A dire elephant (shapeshifter) (Vaults:5)
  20 mummy priests
  20 jiangshi
  17 ettins
  4 eidola
  7 deep elf death magi
  14 merfolk impalers
  7 fire dragons
  9 yaktaur captains
  A spriggan zombie (Tomb:2)
  A spectral spriggan (Crypt:3)
  4 merfolk javelineers
  9 great orbs of eyes
  2 entropy weavers
  A fenstrider witch zombie (Tomb:2)
  A peacekeeper (Vaults:4)
  6 ice dragons
  33 vault guards
  5 deep elf high priests
  6 salamander tyrants
  Erolcha (Orc:1)
  4 rakshasas
  A hell beast (Depths:3)
  5 ogre magi
  6 hydras
  A satyr (Shoals:1)
  6 anacondas
  8 death knights
  3 merfolk avatars
  4 catoblepae
  31 dancing weapons
  16 centaur warriors
  7 tengu warriors
  5 two-headed ogres
  3 vampire magi
  15 ironbound frosthearts
  13 deep troll shamans
  7 boulder beetles
  9 deep troll earth magi
  9 naga warriors
  42 death scarabs
  5 merfolk aquamancers
  3 orc high priests
  10 death yaks
  9 spriggan berserkers
  2 large abominations (Crypt:3)
  11 naga sharpshooters
  Nergalle (D:11)
  Urug (Orc:2)
  13 shock serpents
  23 deep elf knights
  2 hell knights
  Sonja (Lair:1)
  3 soul eaters
  An emperor scorpion zombie (Crypt:1)
  A fire crab (D:15)
  A titan skeleton (Crypt:2)
  3 shadow wraiths (Crypt:3)
  A sun demon (Depths:2)
  12 salamander mystics
  10 iron trolls
  A golden dragon zombie (Vaults:4)
  31 skeletal warriors
  A steelbarb worm (shapeshifter) (Vaults:1)
  A naga ritualist (Snake:4)
  A glowing orange brain (shapeshifter) (Vaults:5)
  73 deep trolls
  2 kraken simulacra
  8 flayed ghosts
  16 sea snakes
  2 bog bodies
  18 ironbound convokers
  A tengu zombie (Depths:1)
  10 lindwurms
  5 wizards
  14 deep elf archers
  12 phantasmal warriors
  6 glowing orange brains
  6 necromancers
  30 deep elf pyromancers
  12 harpies
  20 deep elf zephyrmancers
  18 mana vipers
  4 orc sorcerers
  24 orc knights
  A salamander (shapeshifter) (D:15)
  A shadow dragon skeleton (Tomb:2)
  A stone giant zombie (Vaults:3)
  The ghost of Dega the Ducker, a novice OpFi (D:5)
  16 manticores
  29 ugly things
  46 salamanders
  12 fauns
  2 wolf spiders (Lair:2)
  5 cyclopes
  A sphinx skeleton (Depths:1)
  Maurice (D:9)
  4 human zombies
  A spectral centaur (Crypt:3)
  5 water nymphs
  2 molten gargoyles (Volcano)
  10 guardian serpents
  2 orange demons (Depths:2)
  13 naga magi
  A centaur zombie (Tomb:3)
  The ghost of alcopop the Conjurer, a novice DrRe (D:5)
  8 merfolk sirens
  2 torpor snails (Lair:4)
  4 rust devils
  7 elephants (Lair:5)
  4 ice statues
  28 black mambas
  8 cane toads
  The ghost of Radamante the Poker, a novice MfFi (D:5)
  16 vault sentinels
  3 smoke demons (Depths:3)
  An unseen horror (shapeshifter) (D:15)
  2 unseen horrors
  A komodo dragon (shapeshifter) (D:15)
  3 gargoyles (D:11)
  31 yaktaurs
  A dire elephant skeleton (Crypt:2)
  A yaktaur zombie (Vaults:4)
  A hellion (Depths:1)
  4 freezing wraiths
  5 rime drakes
  A red draconian zombie (Crypt:2)
  4 kobold demonologists
  2 tengu conjurers (D:14)
  An anaconda simulacrum (IceCv)
  An efreet (D:15)
  2 ice devils
  The ghost of Thormy the Caller, a novice TeSu (D:5)
  A hellwing (Depths:2)
  3 polar bears
  50 guardian mummies
  7 komodo dragons
  4 human skeletons
  A wind drake (Shoals:1)
  7 trolls
  A merfolk (shapeshifter) (Vaults:5)
  A catoblepas skeleton (Crypt:2)
  5 meliai
  A polar bear (shapeshifter) (Vaults:5)
  26 merfolk
  A tarantella (Vaults:3)
  10 hornets
  A tyrant leech (shapeshifter) (Vaults:5)
  Grinder (D:4)
  A fire giant simulacrum (Depths:1)
  20 dream sheep
  14 blink frogs
  A blink frog (shapeshifter) (D:15)
  A raiju (Gauntlet)
  9 snapping turtles
  Sigmund (D:2)
  55 slime creatures
  A spriggan skeleton (Depths:1)
  80 flying skulls
  5 centaur simulacra
  2 jumping spiders (shapeshifter)
  21 water elementals
  3 air elementals (Elf:1)
  3 spriggans
  31 yaks
  An ettin skeleton (Crypt:2)
  3 wyverns
  A human (shapeshifter) (D:14)
  3 shadows
  25 ushabtiu
  4 hogs (D:13)
  17 wraiths
  2 dire elephant simulacra (IceCv)
  8 fire elementals
  3 humans
  6 basilisks
  2 fire bats (Volcano)
  4 alligator snapping turtle simulacra (Shoals:3)
  3 redbacks
  4 steam dragons
  A sea snake simulacrum (Shoals:3)
  A neqoxec (Depths:2)
  A death yak simulacrum (Shoals:3)
  5 wargs
  7 vampire mosquitoes
  A harpy simulacrum (IceCv)
  An ogre zombie (Vaults:3)
  2 spriggan simulacra
  26 nagas
  Duvessa (D:7)
  A faun skeleton (Crypt:2)
  A two-headed ogre skeleton (Tomb:1)
  5 floating eyes
  21 water moccasins
  5 hell hounds (D:15)
  58 orc warriors
  5 ice beasts
  2 small abominations (Crypt:3)
  An ettin simulacrum (Vaults:3)
  3 black bears
  2 satyr simulacra (Shoals:3)
  A snapping turtle skeleton (Crypt:1)
  29 centaurs
  7 ogres
  An ice beast (shapeshifter) (Vaults:5)
  A manticore skeleton (Crypt:2)
  A centaur (shapeshifter) (D:15)
  9 boggarts
  31 wolves
  A swamp dragon skeleton (Tomb:1)
  A phantom (D:6)
  Blork the orc (D:4)
  2 earth elementals (Elf:1)
  5 kobold brigands
  17 bullfrogs
  5 gnoll sergeants
  12 necrophages
  A glowing shapeshifter simulacrum (Vaults:3)
  4 scorpions
  5 faun simulacra (Shoals:3)
  A merfolk simulacrum (Shoals:3)
  A yak zombie (Crypt:1)
  3 wights (D:8)
  3 elephant simulacra (IceCv)
  2 manticore simulacra (Shoals:3)
  Dowan (D:7)
  8 killer bees (D:10)
  2 snapping turtle simulacra (Shoals:3)
  7 howler monkeys
  An electric eel (D:10)
  2 lava snakes
  12 orc priests
  Crazy Yiuf (D:3)
  A basilisk zombie (Crypt:1)
  3 hounds
  6 jellies
  5 iguanas (D:6)
  Natasha (thrice) (D:2)
  20 orc wizards
  3 polar bear simulacra (IceCv)
  37 mummies
  22 gnolls
  11 adders
  A swamp drake skeleton (Crypt:2)
  2 shadow imps (Gauntlet)
  3 white imps
  2 ufetubi
  A jelly zombie (Crypt:2)
  2 worms
  A dart slug (D:4)
  103 orcs
  14 bats
  8 endoplasms
  6 giant cockroaches
  8 goblins
  5 hobgoblins
  8 jackals
  5 quokkas
  9 ball pythons
  5 frilled lizards
  A frilled lizard skeleton (Crypt:1)
  A frilled lizard zombie (Crypt:2)
  A giant cockroach zombie (Crypt:1)
  16 kobolds
  A kobold skeleton (Crypt:1)
  7 rats
  3 bushes
  A butterfly (Lair:1)
2507 creatures vanquished.

Vanquished Creatures (collateral kills)
  6 orcs
6 creatures vanquished.

Vanquished Creatures (others)
  A red draconian (Volcano)
  A vault guard (Vaults:5)
  A black mamba (Snake:1)
  A water elemental (Elf:1)
  3 air elementals (Elf:1)
  2 orc warriors (D:10)
  An ogre (D:10)
  An orc wizard (Orc:1)
  An orc (Elf:1)
  3 ball lightnings (Elf:3)
  51 fungi
  431 plants
  8 tentacles
  4 withered plants
509 creatures vanquished.

Grand Total: 3022 creatures vanquished

Notes
Turn   | Place    | Note
-------+----------+-------------------------------------------
     0 | D:1      | Dorkslayer the Gargoyle Fighter began the quest for the
                  | Orb.
     0 | D:1      | Reached XP level 1. HP: 14/14 MP: 1/1
   251 | D:1      | Reached XP level 2. HP: 19/19 MP: 2/2
   582 | D:1      | Reached XP level 3. HP: 23/23 MP: 3/3
   886 | D:2      | Reached skill level 1 in Dodging
   972 | D:2      | Noticed Sigmund
   992 | D:2      | Killed Sigmund
   993 | D:2      | Reached skill level 4 in Shields
   993 | D:2      | Reached XP level 4. HP: 24/29 MP: 4/4
   993 | D:2      | Reached XP level 5. HP: 28/33 MP: 5/5
   993 | D:2      | Reached XP level 6. HP: 32/38 MP: 6/6
  1289 | D:2      | Noticed Natasha
  1302 | D:2      | Killed Natasha
  1505 | D:2      | Noticed Natasha
  1545 | D:2      | Killed Natasha
  1621 | D:2      | Noticed Natasha
  1632 | D:2      | Killed Natasha
  1877 | D:3      | Found a runed translucent door.
  1878 | D:3      | Noticed Crazy Yiuf
  2172 | D:3      | Found a faded altar of an unknown god.
  2232 | D:3      | Reached skill level 1 in Evocations
  2434 | D:3      | Killed Crazy Yiuf
  2435 | D:3      | Reached XP level 7. HP: 33/43 MP: 7/7
  2632 | D:4      | Found a bloodstained altar of Trog.
  2634 | D:4      | Found a blossoming altar of Fedhas.
  2635 | D:4      | Found a shimmering blue altar of Sif Muna.
  2637 | D:4      | Found a radiant altar of Vehumet.
  2639 | D:4      | Found a white marble altar of Elyvilon.
  2702 | D:4      | Noticed Grinder
  2714 | D:4      | Paralysed by Grinder for 3 turns
  2728 | D:4      | Paralysed by Grinder for 2 turns
  2731 | D:4      | Killed Grinder
  2732 | D:4      | Reached skill level 5 in Long Blades
  2732 | D:4      | Reached XP level 8. HP: 30/48 MP: 8/8
  2748 | D:4      | Noticed Blork the orc
  2762 | D:4      | Killed Blork the orc
  3099 | D:5      | Entered Level 5 of the Dungeon
  3386 | D:5      | Reached skill level 5 in Fighting
  3427 | D:5      | Reached skill level 5 in Shields
  3440 | D:5      | Found the +7 Singing Sword {vorpal, sonic wave}
  3464 | D:5      | Reached XP level 9. HP: 54/54 MP: 9/9
  3584 | D:5      | Found a burning altar of Makhleb.
  3587 | D:5      | Found a glowing silver altar of Zin.
  3588 | D:5      | Noticed an angel
  3588 | D:5      | Noticed a green death
  3699 | D:5      | Found a staircase to the Ecumenical Temple.
  3703 | Temple   | Entered the Ecumenical Temple
  3723 | Temple   | Became a worshipper of Gozag Ym Sagoz the Greedy
  3783 | D:5      | Found a runed translucent gate.
  3783 | D:5      | Found a runed translucent gate.
  3783 | D:5      | Found a runed translucent gate.
  3783 | D:5      | Noticed Dega's ghost (novice OpFi)
  3783 | D:5      | Noticed Thormy's ghost (novice TeSu)
  3783 | D:5      | Noticed alcopop's ghost (novice DrRe)
  3783 | D:5      | Noticed Radamante's ghost (novice MfFi)
  3825 | D:5      | Killed Dega's ghost
  3829 | D:5      | Killed Radamante's ghost
  3830 | D:5      | Reached skill level 5 in Armour
  3830 | D:5      | Killed Thormy's ghost
  3834 | D:5      | Killed alcopop's ghost
  4241 | D:6      | Reached XP level 10. HP: 60/60 MP: 10/10
  4479 | D:6      | Found Ymmibrar's Book Emporium.
  4503 | D:6      | Reached skill level 5 in Evocations
  4826 | D:7      | Noticed Duvessa
  4826 | D:7      | Noticed Dowan
  4833 | D:7      | Killed Duvessa
  4834 | D:7      | Reached skill level 5 in Dodging
  4835 | D:7      | Killed Dowan
  4851 | D:7      | Identified a scroll of acquirement
  4852 | D:7      | Acquired the ring of Xymemyre {rElec rF+ Str+6 Int+2}
  5279 | D:8      | Found a flagged portal.
  5301 | Bailey   | Entered a bailey
  5599 | Bailey   | Reached skill level 1 in Stealth
  5778 | Bailey   | Reached skill level 6 in Shields
  5874 | Bailey   | Reached XP level 11. HP: 25/66 MP: 11/11
  6239 | Bailey   | Acquired the +11 crystal plate armour of Ageff {rPois Dex-4
                  | Slay+4 SInv}
  6242 | Bailey   | Got the Vellum of Gathered Wanderlust
  6527 | D:8      | Identified the +6 spear of Checks and Balances {vorpal,
                  | Int+5 Dex-4}
  6571 | D:8      | Found a stormy altar of Qazlal.
  6952 | D:9      | Found Jarups's Weapon Shop.
  6993 | D:9      | Found Dauvinla's General Store.
  6999 | D:9      | Found Cutomiurgh's Magic Scroll Shoppe.
  7013 | D:9      | Bought a scroll of noise for 13 gold pieces
  7013 | D:9      | Bought a scroll of enchant armour for 97 gold pieces
  7013 | D:9      | Bought 2 scrolls of fear for 104 gold pieces
  7013 | D:9      | Bought a scroll of vulnerability for 52 gold pieces
  7013 | D:9      | Bought a scroll of teleportation for 39 gold pieces
  7013 | D:9      | Bought a scroll of identify for 26 gold pieces
  7013 | D:9      | Bought a scroll of identify for 26 gold pieces
  7085 | D:9      | Noticed Maurice
  7094 | D:9      | Killed Maurice
  7108 | D:9      | Found Vihe's Assorted Antiques.
  7122 | D:9      | Bought a potion of might for 96 gold pieces
  7122 | D:9      | Bought a potion of curing for 72 gold pieces
  7122 | D:9      | Bought a metallic orange potion for 21 gold pieces
  7122 | D:9      | Bought a silvery potion for 21 gold pieces
  7159 | D:9      | Found a staircase to the Lair.
  7243 | D:9      | Found Ninwevin's Assorted Antiques.
  7253 | D:9      | Bought 2 viscous green potions for 54 gold pieces
  7253 | D:9      | Bought a green potion for 27 gold pieces
  7414 | D:9      | Bought a scroll of identify for 28 gold pieces
  7440 | D:10     | Entered Level 10 of the Dungeon
  7532 | D:10     | Reached skill level 1 in Polearms
  7545 | D:10     | Acquired an amulet of reflection
  7651 | D:10     | Found a staircase to the Orcish Mines.
  7674 | D:10     | Reached skill level 10 in Long Blades
  7758 | D:10     | Noticed a death yak
  7768 | D:10     | Killed a death yak
  7797 | D:10     | Found a sparkling altar of Nemelex Xobeh.
  7837 | D:10     | Reached skill level 7 in Shields
  8036 | D:10     | Found a basalt altar of Yredelemnul.
  8041 | D:10     | Found a glowing golden altar of the Shining One.
  8043 | D:10     | Noticed an angel
  8281 | D:10     | Reached XP level 12. HP: 67/76 MP: 12/12
  8302 | D:10     | Found Letseupn's Antique Armour Boutique.
  8316 | D:10     | Bought a glowing helmet for 217 gold pieces
  8661 | D:11     | Identified the +2 robe "Ecwyti" {Will+ MP-9 Stlth+}
  8746 | D:11     | Found a frozen archway.
  8752 | D:11     | Noticed a two-headed ogre
  8757 | IceCv    | Entered an ice cave
  9204 | D:11     | Killed a two-headed ogre
  9205 | D:11     | Reached skill level 1 in Throwing
  9247 | D:11     | Found a broken altar of Ashenzari.
  9262 | D:11     | Noticed Nergalle
  9271 | D:11     | Killed Nergalle
  9855 | D:12     | Reached skill level 10 in Fighting
  9952 | D:12     | Identified the +7 war axe of Makhleb's Condemnation
                  | {vorpal, rElec}
 10533 | D:12     | Identified the +11 trident of Haohisso {drain, Int+5}
 10652 | D:13     | Reached skill level 8 in Shields
 10652 | D:13     | Reached XP level 13. HP: 83/83 MP: 13/13
 10686 | D:13     | Found a gate leading to a gauntlet.
 10695 | Gauntlet | Entered a Gauntlet
 10695 | Gauntlet | Found a transporter.
 10695 | Gauntlet | Found a transporter.
 10704 | Gauntlet | Found a transporter.
 10712 | Gauntlet | Found a transporter.
 10719 | Gauntlet | Found a transporter.
 10735 | Gauntlet | Found a transporter.
 10751 | Gauntlet | Found a transporter.
 10767 | Gauntlet | Found a transporter.
 10776 | Gauntlet | Found a transporter.
 10788 | Gauntlet | Noticed a reaper
 10792 | Gauntlet | Found a transporter.
 10796 | Gauntlet | Found a transporter.
 10800 | Gauntlet | Found a transporter.
 10883 | Gauntlet | Noticed a reaper
 11124 | Gauntlet | Identified the +6 shortbow of Propriety {flame, Will+}
 11124 | Gauntlet | Noticed a minotaur
 11133 | Gauntlet | Killed a minotaur
 11140 | Gauntlet | Got Guumoumy's Collected Works on Enthralling Cold
 11387 | D:13     | Noticed Kirke
 11407 | D:13     | Killed Kirke
 11880 | D:14     | Reached skill level 9 in Shields
 12038 | D:14     | Noticed Jorgrun
 12051 | D:14     | Killed Jorgrun
 12052 | D:14     | Reached skill level 5 in Polearms
 12052 | D:14     | Reached skill level 10 in Shields
 12052 | D:14     | Gained mutation: Your large and strong wings let you fly.
                  | [Gargoyle growth]
 12052 | D:14     | Reached XP level 14. HP: 24/92 MP: 14/14
 12829 | D:14     | Found a gate to the Vaults.
 12890 | D:15     | Entered Level 15 of the Dungeon
 12929 | D:15     | Paralysed by a floating eye for 4 turns
 12994 | D:15     | Found a transporter.
 13226 | D:15     | Identified the ring of Haleimu {rElec rCorr Dex+3}
 13238 | D:15     | Paralysed by a floating eye for 3 turns
 13250 | D:15     | Reached skill level 11 in Shields
 13284 | D:15     | Found Kuipupam's Antique Armour Emporium.
 13299 | D:15     | Bought a runed helmet for 202 gold pieces
 13398 | D:15     | Noticed a fire giant
 13408 | D:15     | Killed a fire giant
 13458 | D:15     | Identified the ring "Laqamnor" {rPois Str+6 Int+5 Slay-5}
 13538 | D:15     | Found Ankebo Cipid's Antique Weapon Emporium.
 13652 | D:15     | Paralysed by a floating eye for 4 turns
 13678 | D:15     | Noticed Azrael
 13682 | D:15     | Reached XP level 15. HP: 49/101 MP: 15/15
 13692 | D:15     | Reached skill level 10 in Armour
 13692 | D:15     | HP: 5/101 [Azrael/damnation (34)]
 13698 | D:15     | Killed Azrael
 13869 | D:15     | Identified the ring "Ykioxkae" {*Corrode rElec rPois Str+6
                  | Dex+8}
 13896 | D:15     | Reached skill level 12 in Shields
 14096 | D:15     | Found a transporter.
 14115 | D:15     | Found a staircase to the Depths.
 14115 | D:15     | Noticed a frost giant
 14122 | D:15     | Killed a frost giant
 14408 | D:15     | Reached skill level 15 in Fighting
 14458 | D:15     | Found Qelaliqaa's Distillery.
 14496 | D:15     | Bought a potion of heal wounds for 55 gold pieces
 14496 | D:15     | Bought a potion of mutation for 88 gold pieces
 14496 | D:15     | Bought a potion of cancellation for 88 gold pieces
 14496 | D:15     | Bought a potion of heal wounds for 55 gold pieces
 14496 | D:15     | Bought a potion of invisibility for 88 gold pieces
 14496 | D:15     | Bought a potion of might for 44 gold pieces
 14496 | D:15     | Bought a potion of heal wounds for 55 gold pieces
 14497 | D:15     | Gained mutation: Your spells are a little easier to cast,
                  | but a little less powerful. [potion of mutation]
 14988 | Orc:1    | Entered Level 1 of the Orcish Mines
 15009 | Orc:1    | Noticed an orc warlord
 15030 | Orc:1    | Noticed Erolcha
 15032 | Orc:1    | Killed an orc warlord
 15040 | Orc:1    | Killed Erolcha
 15537 | Orc:2    | Entered Level 2 of the Orcish Mines
 15543 | Orc:2    | Noticed Urug
 15553 | Orc:2    | Killed Urug
 15557 | Orc:2    | Noticed Nessos
 15573 | Orc:2    | Killed Nessos
 15837 | Orc:2    | Found Tuhinysa's Distillery.
 15848 | Orc:2    | Bought a potion of heal wounds for 65 gold pieces
 15848 | Orc:2    | Bought a potion of curing for 39 gold pieces
 15848 | Orc:2    | Bought a potion of invisibility for 104 gold pieces
 15848 | Orc:2    | Bought a potion of curing for 39 gold pieces
 15995 | Orc:2    | Found a staircase to the Elven Halls.
 16051 | Orc:2    | Found Jaonuotu's Assorted Antiques.
 16051 | Orc:2    | Found Jaoreu's Assorted Antiques.
 16053 | Orc:2    | Found Reigirao's Weapon Emporium.
 16055 | Orc:2    | Found Vuerhod's Magic Scroll Boutique.
 16061 | Orc:2    | Bought a scroll of magic mapping for 105 gold pieces
 16068 | Orc:2    | Bought a scroll of magic mapping for 135 gold pieces
 16068 | Orc:2    | Bought a potion of cancellation for 144 gold pieces
 16069 | Orc:2    | Bought a scroll of magic mapping for 195 gold pieces
 16069 | Orc:2    | Bought a potion of resistance for 260 gold pieces
 16069 | Orc:2    | Bought a scroll of fog for 104 gold pieces
 16090 | Orc:2    | Bought a scroll of silence for 114 gold pieces
 16090 | Orc:2    | Bought a scroll of enchant weapon for 90 gold pieces
 16090 | Orc:2    | Bought a scroll of enchant weapon for 90 gold pieces
 16132 | Orc:2    | Bought a potion of haste for 150 gold pieces
 16132 | Orc:2    | Bought a potion of haste for 150 gold pieces
 16132 | Orc:2    | Bought a potion of heal wounds for 75 gold pieces
 16223 | Lair:1   | Entered Level 1 of the Lair of Beasts
 16236 | Lair:1   | Found the +7 staff of the Meek {protect, meekguard}
 16269 | Lair:1   | Found a dark tunnel.
 16276 | Volcano  | Entered a volcano
 16323 | Volcano  | Found a bloodstained altar of Trog.
 16436 | Volcano  | Reached XP level 16. HP: 72/110 MP: 16/16
 16616 | Lair:1   | Noticed Sonja
 16631 | Lair:1   | Killed Sonja
 16881 | Lair:1   | Reached skill level 13 in Shields
 17395 | Lair:2   | Found a staircase to the Shoals.
 17570 | Lair:2   | Identified the +5 ring mail "Kyumo" {*Corrode rElec Int-2
                  | Dex+3}
 17826 | Lair:2   | Reached skill level 10 in Evocations
 19105 | Lair:3   | Found a runed translucent door.
 19106 | Lair:3   | Noticed alcopop's ghost (journeyman DrRe)
 19127 | Lair:3   | Killed alcopop's ghost
 19130 | Lair:3   | Identified the +4 glaive of Dishonour {vamp, rElec MP+9
                  | Int-2}
 19159 | Lair:3   | Found a staircase to the Snake Pit.
 19501 | Lair:4   | Found a staircase to the Slime Pits.
 20128 | Lair:5   | Entered Level 5 of the Lair of Beasts
 20905 | Lair:5   | Reached skill level 14 in Shields
 21185 | Lair:5   | Upgraded the game from 0.30-a0-331-g8ab09dc to
                  | 0.30-a0-335-ge5acde7
 21337 | Snake:1  | Entered Level 1 of the Snake Pit
 21365 | Snake:1  | Reached XP level 17. HP: 85/117 MP: 17/17
 21772 | Snake:1  | Found Siriw's Distillery.
 21774 | Snake:1  | Found Lejegat's Antique Armour Shoppe.
 21776 | Snake:1  | Found Iqozxoad's Armour Emporium.
 21817 | Snake:1  | Bought a potion of curing for 54 gold pieces
 21817 | Snake:1  | Bought a potion of might for 72 gold pieces
 21817 | Snake:1  | Bought a potion of magic for 144 gold pieces
 21817 | Snake:1  | Bought a potion of heal wounds for 90 gold pieces
 21817 | Snake:1  | Bought a potion of ambrosia for 144 gold pieces
 21817 | Snake:1  | Bought a potion of curing for 54 gold pieces
 22222 | Snake:2  | Noticed Vashnia
 22236 | Snake:2  | Killed Vashnia
 23032 | Snake:2  | Reached skill level 15 in Shields
 23486 | Snake:2  | Noticed Aizul
 23502 | Snake:2  | Killed Aizul
 24094 | Snake:3  | Found the +3 salamander hide armour {Flames rF++ rC--}
 24546 | Snake:3  | Found Daatimol's Desiderata Depot.
 24623 | Snake:3  | Reached XP level 18. HP: 89/124 MP: 18/18
 25004 | Snake:3  | Bought a manual of Dodging for 960 gold pieces
 25058 | Snake:4  | Entered Level 4 of the Snake Pit
 25072 | Snake:4  | Found a hide-covered altar of Uskayaw.
 25661 | Snake:4  | Reached skill level 15 in Long Blades
 25894 | Snake:4  | Reached skill level 16 in Shields
 25949 | Snake:4  | Got a serpentine rune of Zot
 26306 | Shoals:1 | Entered Level 1 of the Shoals
 26640 | Shoals:1 | Noticed Donald
 26651 | Shoals:1 | Killed Donald
 26762 | Shoals:1 | Found Utustroga's Gadget Gallery.
 26790 | Shoals:1 | Bought a wand of mindburst (7) for 117 gold pieces
 26790 | Shoals:1 | Bought a wand of mindburst (6) for 100 gold pieces
 26790 | Shoals:1 | Bought a wand of roots (2) for 57 gold pieces
 26790 | Shoals:1 | Bought a wand of charming (5) for 144 gold pieces
 26850 | Shoals:1 | Reached skill level 5 in Throwing
 27259 | Shoals:2 | You are sucked into a shaft and drop 1 floor!
 27317 | Shoals:2 | Noticed Polyphemus
 27331 | Shoals:2 | Killed Polyphemus
 27693 | Shoals:3 | Reached XP level 19. HP: 130/130 MP: 19/19
 27866 | Shoals:3 | Found a runed translucent gate.
 27867 | Shoals:3 | Found a runed translucent gate.
 27868 | Shoals:3 | Found a runed translucent gate.
 27990 | Shoals:3 | Identified the ring "Ommuet" {rCorr Dex+3}
 28659 | Shoals:4 | Entered Level 4 of the Shoals
 28789 | Shoals:4 | Reached skill level 5 in Stealth
 28812 | Shoals:4 | Identified the +4 dire flail of the Toadstool {vamp, Int+2}
 28863 | Shoals:4 | Reached skill level 10 in Polearms
 29032 | Shoals:4 | Reached skill level 17 in Shields
 29159 | Shoals:4 | Noticed Roxanne
 29182 | Shoals:4 | Killed Roxanne
 29512 | Shoals:4 | Got a barnacled rune of Zot
 29993 | D:9      | Bought the +18 shield of the Gong {rElec rN+ Will+ EV-5}
                  | for 1556 gold pieces
 29993 | D:9      | Found the +18 shield of the Gong {rElec rN+ Will+ EV-5}
 30113 | Elf:1    | Entered Level 1 of the Elven Halls
 30191 | Elf:1    | Found Zothueci's Assorted Antiques.
 30206 | Elf:1    | Bought a potion of heal wounds for 115 gold pieces
 30206 | Elf:1    | Bought a wand of mindburst (12) for 386 gold pieces
 30206 | Elf:1    | Bought a wand of flame (6) for 96 gold pieces
 30206 | Elf:1    | Bought a scroll of teleportation for 69 gold pieces
 30456 | Elf:1    | Paralysed by an air elemental for 1 turns
 30478 | Elf:1    | Reached XP level 20. HP: 117/137 MP: 20/20
 30493 | Elf:1    | Found a runed translucent gate.
 30493 | Elf:1    | Found a runed translucent gate.
 30493 | Elf:1    | Found a runed translucent gate.
 30493 | Elf:1    | Found a runed translucent gate.
 30493 | Elf:1    | Found a runed translucent gate.
 30496 | Elf:1    | Found a runed translucent gate.
 31057 | Elf:1    | Found Raiblat Xus's Assorted Antiques.
 31060 | Elf:1    | Bought a potion of heal wounds for 145 gold pieces
 31540 | Elf:2    | Found a runed translucent door.
 31572 | Elf:2    | Found a runed translucent door.
 31599 | Elf:2    | Reached skill level 10 in Dodging
 31614 | Elf:2    | Reached skill level 18 in Shields
 32032 | Elf:2    | Found Erghaluc's Jewellery Shoppe.
 32150 | Elf:3    | Entered Level 3 of the Elven Halls
 32460 | Elf:3    | Identified the +4 ring mail of Baseth Vocu {rF+ rN+ Int+10}
 32470 | Elf:3    | Identified the +3 falchion of Luvvych {vorpal, rN++}
 32480 | Elf:3    | Identified the amulet of Womeqof {Acrobat rN+ Str+3 Int-4}
 32721 | Elf:3    | Identified the +3 whip of Eternity {freeze, +Blink Int+4
                  | Dex+4}
 32725 | Elf:3    | Identified the +2 robe of the Cooper {Harm rC+}
 32735 | Elf:3    | Noticed a Brimstone Fiend
 33482 | Elf:3    | Got the Incunabulum of the Pyre and Superposition
 33517 | Elf:3    | Got the Spellbook of the Locust
 33553 | Elf:3    | Identified the +6 shortbow of Incongruity {drain, Fragile
                  | Str+5}
 33967 | Vaults:1 | Entered Level 1 of the Vaults
 34026 | Vaults:1 | Reached XP level 21. HP: 141/144 MP: 21/21
 34086 | Vaults:1 | Reached skill level 19 in Shields
 35225 | Vaults:1 | Found Nuipei Ilyr's Jewellery Shop.
 35237 | Vaults:1 | Bought the ring of the Rose {rC+ Dex+6} for 650 gold pieces
 35517 | Vaults:2 | Noticed Xtahua
 35549 | Vaults:2 | Killed Xtahua
 36273 | Vaults:2 | Found a gateway to a bazaar.
 36284 | Bazaar   | Entered a bazaar
 36284 | Bazaar   | Found Oxuffy's Antique Armour Shop.
 36284 | Bazaar   | Found Yshihauk's Book Boutique.
 36284 | Bazaar   | Found Vaytar's Antique Weapon Boutique.
 36284 | Bazaar   | Found Okah Fugau's Distillery.
 36284 | Bazaar   | Found Ceypam's Weapon Shop.
 36297 | Bazaar   | Bought a pair of runed gloves for 90 gold pieces
 36328 | Bazaar   | Bought a potion of invisibility for 88 gold pieces
 36328 | Bazaar   | Bought a potion of curing for 33 gold pieces
 36328 | Bazaar   | Bought a potion of cancellation for 88 gold pieces
 36328 | Bazaar   | Bought a potion of ambrosia for 88 gold pieces
 36328 | Bazaar   | Bought a potion of might for 44 gold pieces
 36328 | Bazaar   | Bought a potion of curing for 33 gold pieces
 36328 | Bazaar   | Bought a potion of invisibility for 88 gold pieces
 36328 | Bazaar   | Bought a potion of magic for 88 gold pieces
 37282 | Vaults:3 | Reached XP level 22. HP: 152/152 MP: 9/22
 37358 | Vaults:3 | Found Sypleqiv's Armour Emporium.
 37723 | Vaults:3 | Reached skill level 20 in Shields
 38093 | Vaults:3 | Found a staircase to the Crypt.
 38330 | Vaults:3 | Found Namit's Weapon Emporium.
 39931 | Vaults:4 | Reached skill level 15 in Armour
 40503 | Vaults:5 | Entered Level 5 of the Vaults
 40506 | Vaults:5 | Noticed Frederick
 40518 | Vaults:5 | Killed Frederick
 40518 | Vaults:5 | Noticed a golden dragon
 40522 | Vaults:5 | Reached skill level 21 in Shields
 40528 | Vaults:5 | Killed a golden dragon
 40529 | Vaults:5 | Reached XP level 23. HP: 93/158 MP: 9/23
 40536 | Vaults:5 | Noticed Bai Suzhen
 40552 | Vaults:5 | Killed Bai Suzhen
 40558 | Vaults:5 | Noticed a golden dragon
 40561 | Vaults:5 | Noticed a dread lich
 40569 | Vaults:5 | Identified the ring of Lady Luck {rPois EV+4 Str+2 Dex+3}
 40573 | Vaults:5 | Noticed a golden dragon
 40577 | Vaults:5 | Killed a golden dragon
 40587 | Vaults:5 | Killed a golden dragon
 40587 | Vaults:5 | Killed a dread lich
 40925 | Vaults:5 | Identified the amulet "Mequiwn" {Regen+ Str+2 Slay+6}
 41165 | Vaults:5 | Noticed an ancient lich
 41178 | Vaults:5 | Killed an ancient lich
 41224 | Vaults:5 | Reached XP level 24. HP: 137/166 MP: 0/23
 41242 | Vaults:5 | Reached skill level 22 in Shields
 41535 | Vaults:5 | Identified the ring "Manietaf" {rPois rC- Int+6 SInv
                  | Stlth+}
 41837 | Vaults:5 | Got a silver rune of Zot
 42000 | Vaults:5 | Got the Precepts of Hubris
 42037 | Vaults:5 | Identified the +0 chain mail of the Witching Gods {rF+}
 42328 | Vaults:5 | Identified the +2 chain mail of Dabubbah {Harm rCorr Dex+4}
 42329 | Vaults:5 | Found Plog's Antique Armour Boutique.
 42828 | Vaults:5 | Got the Grimoire of Aerial Metal
 43326 | Depths:1 | Entered Level 1 of the Depths
 43593 | Depths:1 | Found a gateway to Hell.
 43875 | Depths:1 | Found a hide-covered altar of Uskayaw.
 44092 | Depths:1 | Found a one-way gate leading to the halls of Pandemonium.
 44413 | Depths:1 | Identified the ring "Xaagain" {rPois rN+ Will+ Int+3}
 44793 | Depths:2 | Got the Almanac of Beguiling and Lightning
 44901 | Depths:2 | Reached skill level 10 in Throwing
 44918 | Depths:2 | Identified the ring of Autumn {Fly rElec rC+++ Will- MP-9}
 45035 | Depths:2 | Got Uneu's Omnibus of Conjuring
 45037 | Depths:2 | Identified the ring of Kirej {Fly Str+3 SInv}
 45206 | Depths:2 | Found a runed translucent door.
 45266 | Depths:2 | Noticed Louise
 45288 | Depths:2 | Killed Louise
 45302 | Depths:2 | Found a one-way gate to the infinite horrors of the Abyss.
 45558 | Depths:2 | Noticed Saint Roka
 45575 | Depths:2 | Killed Saint Roka
 45737 | Depths:2 | Found a runed translucent door.
 45738 | Depths:2 | Noticed an ancient lich
 46022 | Depths:2 | Found a blossoming altar of Fedhas.
 46386 | Depths:3 | Reached skill level 23 in Shields
 46390 | Depths:3 | Reached XP level 25. HP: 140/172 MP: 7/23
 46737 | Depths:3 | Upgraded the game from 0.30-a0-335-ge5acde7 to
                  | 0.30-a0-339-g89bb51e
 46766 | Depths:3 | Noticed Vv
 46795 | Depths:3 | Killed Vv
 46929 | Depths:3 | Identified the +11 demon trident of Ureto {flame, rPois
                  | SInv}
 47068 | Depths:3 | Noticed a dread lich
 47069 | Depths:3 | Found a one-way gateway to a ziggurat.
 47184 | Depths:3 | Bought a polished plate armour for 1260 gold pieces
 47184 | Depths:3 | Identified the +1 plate armour "Teaqial" {Stlth+} (You
                  | bought it in a shop on level 3 of the Depths)
 47187 | Depths:3 | Bought 2 potions of heal wounds for 110 gold pieces
 47187 | Depths:3 | Bought a potion of cancellation for 88 gold pieces
 47187 | Depths:3 | Bought a potion of haste for 110 gold pieces
 47187 | Depths:3 | Bought a potion of magic for 88 gold pieces
 47564 | Depths:3 | Killed a dread lich
 47701 | Depths:3 | Bought a black opal-encrusted plate armour for 896 gold
                  | pieces
 47701 | Depths:3 | Identified the +9 plate armour "Ataem" {Will++ Str-5} (You
                  | bought it in a shop on level 3 of the Depths)
 47703 | Depths:3 | Bought a pair of embroidered gloves for 240 gold pieces
 47703 | Depths:3 | Bought a pair of embroidered gloves for 240 gold pieces
 47768 | Depths:4 | Entered Level 4 of the Depths
 47778 | Depths:4 | Noticed a juggernaut
 47818 | Depths:4 | Killed a juggernaut
 48261 | Depths:4 | Found Cosijuq's Antique Weapon Emporium.
 48456 | Depths:4 | Found a gate to the Realm of Zot.
 49025 | D:10     | Fell from the grace of Gozag
 49025 | D:10     | Became a worshipper of the Shining One
 49278 | Crypt:1  | Entered Level 1 of the Crypt
 49427 | Crypt:1  | Reached * piety under the Shining One
 49521 | Crypt:1  | Reached ** piety under the Shining One
 49539 | Crypt:1  | Reached skill level 24 in Shields
 49637 | Crypt:1  | Reached *** piety under the Shining One
 49652 | Crypt:1  | Noticed Zenata
 49676 | Crypt:1  | Killed Zenata
 49693 | Crypt:1  | Reached XP level 26. HP: 178/180 MP: 23/23
 49705 | Crypt:1  | Reached **** piety under the Shining One
 50025 | Crypt:2  | Found a runed translucent gate.
 50027 | Crypt:2  | Found a runed translucent gate.
 50027 | Crypt:2  | Noticed staltz's ghost (veteran DDFi)
 50028 | Crypt:2  | Found a runed translucent gate.
 50043 | Crypt:2  | Killed staltz's ghost
 50204 | Crypt:2  | Reached ***** piety under the Shining One
 50773 | Crypt:3  | Entered Level 3 of the Crypt
 50809 | Crypt:3  | Reached ****** piety under the Shining One
 50853 | Crypt:3  | Identified a +9 trishula of holy wrath (a +9 demon trident
                  | of flaming blessed by the Shining One)
 50853 | Crypt:3  | Received a gift from the Shining One
 50943 | Crypt:3  | Found an ancient bone altar of Kikubaaqudgha.
 51346 | Crypt:3  | Identified the +1 ice dragon scales "Kumaogec" {rF- rC++
                  | Int+3}
 51436 | Crypt:3  | Noticed Grunn
 51445 | Crypt:3  | Noticed Khufu
 51455 | Crypt:3  | Killed Grunn
 51461 | Crypt:3  | Killed Khufu
 51467 | Crypt:3  | Found a staircase to the Tomb.
 51661 | Crypt:3  | Identified the ring "Purph" {rC+ rN+ MP+9 Dex+4}
 51685 | Crypt:3  | Identified the ring "Vutwutah" {rN+ rCorr Int+6}
 51685 | Crypt:3  | Identified the ring of Demons {rN+ rCorr SInv}
 51794 | Crypt:3  | Identified the +2 executioner's axe of Agony {antimagic,
                  | *Rage rC+ Will+ Dex+4}
 51850 | Tomb:1   | Entered Level 1 of the Tomb of the Ancients
 52122 | Tomb:1   | Reached skill level 25 in Shields
 52479 | Tomb:1   | Noticed a royal mummy
 52492 | Tomb:1   | Killed a royal mummy
 52532 | Tomb:1   | Gained mutation: You are dopey. (Int -2) [a neqoxec]
 52880 | Tomb:2   | Noticed a royal mummy
 52883 | Tomb:2   | Noticed a royal mummy
 52884 | Tomb:2   | Noticed a royal mummy
 52898 | Tomb:2   | Killed a royal mummy
 52902 | Tomb:2   | Killed a royal mummy
 52903 | Tomb:2   | Reached XP level 27. HP: 136/188 MP: 23/23
 52908 | Tomb:2   | Gained mutation: You are partially covered in large bone
                  | plates. (SH +4) [mutagenic glow]
 52909 | Tomb:2   | Killed a royal mummy
 52911 | Tomb:2   | Noticed a royal mummy
 52922 | Tomb:2   | Gained mutation: Your body sometimes deteriorates upon
                  | taking damage. [mutagenic glow]
 52941 | Tomb:2   | Reached skill level 15 in Evocations
 52949 | Tomb:2   | Lost mutation: Your spells are a little easier to cast, but
                  | a little less powerful. [potion of mutation]
 52949 | Tomb:2   | Lost mutation: You are partially covered in large bone
                  | plates. (SH +4) [potion of mutation]
 52949 | Tomb:2   | Lost mutation: You are dopey. (Int -2) [potion of mutation]
 52949 | Tomb:2   | Gained mutation: You are strong-willed. (Will+) [potion of
                  | mutation]
 52949 | Tomb:2   | Gained mutation: You are covered in fur. (AC +1) [potion of
                  | mutation]
 52949 | Tomb:2   | Gained mutation: You have large cloven feet. [potion of
                  | mutation]
 52949 | Tomb:2   | Gained mutation: You are robust. (+10% HP) [potion of
                  | mutation]
 53210 | Tomb:3   | Entered Level 3 of the Tomb of the Ancients
 53242 | Tomb:3   | Noticed a royal mummy
 53247 | Tomb:3   | Noticed a royal mummy
 53260 | Tomb:3   | Killed a royal mummy
 53260 | Tomb:3   | Killed a royal mummy
 53272 | Tomb:3   | Reached skill level 26 in Shields
 53334 | Tomb:3   | Noticed a royal mummy
 53337 | Tomb:3   | Noticed a royal mummy
 53348 | Tomb:3   | Killed a royal mummy
 53350 | Tomb:3   | Noticed a royal mummy
 53353 | Tomb:3   | Killed a royal mummy
 53363 | Tomb:3   | Noticed a royal mummy
 53364 | Tomb:3   | Killed a royal mummy
 53366 | Tomb:3   | Noticed a royal mummy
 53369 | Tomb:3   | Noticed a royal mummy
 53370 | Tomb:3   | Noticed a royal mummy
 53376 | Tomb:3   | HP: 10/206 [royal mummy/divine providence (12)]
 53376 | Tomb:3   | HP: 4/206 [royal mummy (6)]
 53377 | Tomb:3   | Killed from afar by a royal mummy

Illustrated notes

Levels and vault maps discovered:
D:1:      dpeg_arrival_round_a, layout_loops_ring, palyth_stone_intersect,
          minmay_misc_feat_diagonals, minmay_unequal
D:2:      layout_rooms, uniq_sigmund, uniq_natasha
D:3:      layout_loops_ring, ebering_ecumenical_altar_mist, kennysheep_potato,
          uniq_crazy_yiuf_cottage
D:4:      layout_rooms, grunt_temple_overflow_open, uniq_grinder,
          uniq_blork_the_orc
D:5:      old_forge, layout_cave_pools, grunt_temple_overflow_order_and_chaos_2,
          temple_statues, gammafunk_ghost_cemetery
D:6:      layout_cave_pods, serial_park, serial_park_avenue1, serial_park_gazebo
          [serial_park_minivault_5x5_3], serial_park_square2,
          serial_park_tiny_2, serial_shops, shop
D:7:      layout_rooms, uniq_duvessa
D:8:      layout_basic, lemuel_round_altar, enter_bailey_2,
          hangedman_abyss_or_decor_stabs
D:9:      layout_big_octagon, dpeg_oklobed_lair, serial_shops,
          nicolae_shop_temple_entry_statues_fountains, nicolae_square_shop,
          shop, nicolae_shop_statue_plus, shop_scrolls, uniq_maurice
D:10:     layout_basic, grunt_temple_overflow_holy_war,
          nemelex_diamond_rough_becter, kennysheep_orc_monster_closet_entryway,
          serial_shops, nicolae_square_shop, serial_ice, serial_ice_i,
          serial_ice_f, serial_ice_c, serial_ice_n, minmay_statue_bubble
D:11:     layout_long_grid, portal_ice_cave_rime, evilmike_ruin_ashenzari,
          uniq_nergalle
D:12:     layout_loops_ring
D:13:     layout_basic, gauntlet_entry_generic, uniq_kirke
D:14:     layout_long_grid, grunt_vaults_entry_fortified, kennysheep_doodads,
          uniq_jorgrun
D:15:     hangedman_spin_cycle
Temple:   hellmonk_temple_of_storms
Lair:1:   layout_hall_layers, nicolae_volcano_entry_s_turn,
          grunt_forest_large_clearing_hut, lemuel_fruit_fields,
          lemuel_fruit_fields, uniq_sonja
Lair:2:   layout_layer_cave, elwin_shoals_entry_rocks,
          nicolae_lair_run_with_the_wolves, grunt_megastairs_4
Lair:3:   layout_cave_pods, minmay_snake_entry_six_corridors,
          gammafunk_ghost_grave, serial_bayou_shore_b
Lair:4:   layout_small_grid, slime_entry_1
Lair:5:   grunt_lair_end_beastmaster, layout_regular_city,
          chequers_serial_rivers_micro_c, small_statue_intersection,
          lemuel_fruit_fields
Shoals:1: layout_shoals, nicolae_shop_gadgets, uniq_donald
Shoals:2: layout_shoals, uniq_polyphemus
Shoals:3: layout_shoals, nicolae_shoals_circle_sea_wall,
          nicolae_shoals_beach_cooler
Shoals:4: shoals_end_grunt_ice, layout_shoals, yaktaur_hedge, uniq_roxanne
Snake:1:  layout_rooms, minmay_shop_star, grunt_megastairs_5
Snake:2:  layout_chambers, nicolae_snake_salamander_fort, grunt_megastairs_2,
          uniq_vashnia, uniq_aizul
Snake:3:  layout_grid_maze, serial_bayou_pond_d, nicolae_alphabet_shops,
          hellmonk_guarded_unrand_salamander
Snake:4:  snake_pit_salamanders_mu, layout_misc_corridors, basic_altar
Orc:1:    layout_caves, bh_open_orc_temple, uniq_erolcha
Orc:2:    st_orc_rangers, layout_caves, basic_altar, serial_shops, shop,
          uniq_urug, uniq_nessos
Elf:1:    minmay_the_grid_four_pointed_star_mashed
          [minmay_the_grid_triangle_9x9_descending_squares,
          minmay_the_grid_triangle_9x9_negative_grid,
          minmay_the_grid_triangle_9x9_stretched_checkered,
          minmay_the_grid_triangle_9x9_thin_v, minmay_the_grid_prize_big_room],
          layout_gridlike, serial_shops, nicolae_shop_behind_doors, shop,
          orc_legates
Elf:2:    nicolae_elf_blades_splatter_lattice
          [nicolae_blade_entry_splitting_headache], layout_geoelf_diagonals,
          serial_shops, shop_statue, drop_trap
Elf:3:    grunt_elf_hall_spiral, layout_loops_corners, serial_aquarium,
          aquarium_bridge_island_small [aquarium_subvault_small_water,
          aquarium_subvault_bridge, aquarium_subvault_wall,
          aquarium_subvault_balcony, aquarium_subvault_wall],
          aquarium_window_corridor_3, aquarium_window_1, aquarium_window_fake,
          aquarium_window_corner, aquarium_view_2b, aquarium_view_4,
          aquarium_balcony_3b, dk_noncrumbling_3, minivault_26
Vaults:1: ontoclasm_vaults_ring_small, nicolae_vaults_network_barrier,
          hangedman_vaults_impose, grunt_vaults_diagonal, st_spiral_rooms,
          v_misc_33, layout_vaults_chaotic_city, serial_shops, shop
Vaults:2: nicolae_vaults_stairing_the_circle, v_rooms_5, v_misc_12,
          nicolae_vaults_shelves_hall, v_pattern_1,
          ontoclasm_vaults_loading_screen, vaults_room_stairs_pillars,
          dpeg_vaults_monster_row, nicolae_vaults_network_quinsquares
          [nicolae_vaults_network_quincunx_subvault,
          nicolae_vaults_network_quincunx_subvault,
          nicolae_vaults_network_quincunx_subvault,
          nicolae_vaults_network_quincunx_subvault],
          nicolae_vaults_inception_scallops, ontoclasm_vaults_twist,
          layout_vaults_omnibox, serial_shops, bzr_entry_customers, uniq_xtahua
Vaults:3: v_misc_9, v_misc_10, nicolae_vaults_back_hallway,
          dpeg_vaults_monster_box, ontoclasm_vaults_eye,
          minmay_crypt_entry_simple_plaza, hangedman_vaults_corner_blocks,
          vaults_room_hallway, vaults_room_hallway, vaults_room_glass_cross,
          vaults_room_large_hall, vaults_room_grid, v_pattern_3, v_misc_4,
          v_misc_16, layout_vaults_maze_bifur, serial_shops, shop
Vaults:4: v_rooms_3, vaults_room_boxed, hangedman_vaults_unwind,
          nicolae_vaults_network_star, ontoclasm_vaults_chip, v_rooms_4,
          ontoclasm_vaults_decontamination, ontoclasm_vaults_fault,
          v_alt_pattern_3, vaults_room_hallway, vaults_room_stairs_pillars,
          vaults_room_pool, layout_vaults_ring
Vaults:5: uniq_frederick, uniq_bai_suzhen
Crypt:1:  layout_misc_corridors, grunt_crypt_arrival_split, grunt_megastairs_3,
          uniq_zenata
Crypt:2:  layout_gridlike, ebering_ghost_rock_garden
Crypt:3:  grunt_crypt_end_deaths_head, uniq_grunn
Tomb:1
Tomb:2
Tomb:3
Depths:1: layout_gridville, lemuel_statue_altar, rand_demon_pan_entry_5,
          grunt_hell_entry_dis_grunt, small_chamber_with_monster,
          kennysheep_cross_room, hangedman_aviary
Depths:2: cheibrodos_witchhunters_guild, layout_gridlike, hell_entry,
          nicolae_abyss_entry_one_way_or_another, serial_glass, glass_columns_b,
          glass_columns_b, glass_columns_b, glass_columns_a, glass_columns_a,
          glass_columns_c, fedhas_altar_1, grunt_pan_entry_sceptre,
          minmay_checkered_concentric_circles, infiniplex_staircase_zigzag_4,
          uniq_saint_roka
Depths:3: minmay_connected_boxes_in_corner, layout_cave_pools, enter_ziggurat_d,
          nrook_uturn, pan_entry, hellmouth_1, abyss_entry_crystal, uniq_vv
Depths:4: grunt_zot_entry_bicorn, layout_cave_pools, pan_entry, serial_shops,
          shop_fountains, pf_coc_iceberg, solitary_fountain

Skill      XL: |  1  2  3  4  5  6  7  8  9 10 11 12 13 14 15 16 17 18 19 20 21 22 23 24 25 26 27 |
---------------+----------------------------------------------------------------------------------+-----
Long Blades    | 2 3 4 5 6 7 9 10 11 12 13 14 15 16 17 18 19 | 19.2
Dodging        | 2 3 4 5 6 7 8 9 10 11 12 13 14 | 14.3
Shields        | 4 5 6 7 8 10 11 12 14 15 16 17 18 19 21 23 24 25 26 | 26.1
Armour         | 4 5 6 7 9 10 11 12 13 14 15 16 17 | 17.4
Fighting       | 4 5 6 9 10 12 14 16 17 18 19 20 21 22 23 | 23.2
Evocations     | 1 2 3 4 5 6 7 8 9 10 11 12 13 14 15 | 15.2
Stealth        | 1 2 3 4 5 6 7 |  7.0
Polearms       | 2 4 5 6 7 8 9 10 11 12 13 | 13.7
Throwing       | 1 2 4 5 6 7 8 9 10 11 | 11.8

Action                   |  1- 3 |  4- 6 |  7- 9 | 10-12 | 13-15 | 16-18 | 19-21 | 22-24 | 25-27 || total
-------------------------+-------+-------+-------+-------+-------+-------+-------+-------+-------++-------
Melee: Long sword        |   155 |   178 |   250 |       |       |       |       |       |       ||   583
       Double sword      |       |       |    55 |   404 |   521 |  1096 |  1137 |  1245 |  1125 ||  5583
       Demon trident     |       |       |       |       |    15 |     9 |       |       |    21 ||    45
       Trishula          |       |       |       |       |       |       |       |       |     1 ||     1
Throw: Javelin           |       |       |       |    26 |    15 |     7 |     7 |    12 |    61 ||   128
Invok: Call Merchant     |       |       |       |       |     3 |       |     2 |     1 |     4 ||    10
       Brand Weapon With |       |       |       |       |       |       |       |       |     1 ||     1
Evoke: Wand              |       |       |    24 |    26 |     8 |       |     3 |     2 |     3 ||    66
       Condenser vane    |       |       |       |       |     3 |       |       |       |       ||     3
       Lightning rod     |       |       |       |       |     4 |       |     4 |    12 |     8 ||    28
       Tin of tremorston |       |       |       |       |       |     3 |     6 |     6 |    11 ||    26
       Box of beasts     |       |       |       |       |       |       |       |       |     2 ||     2
       Phantom mirror    |       |       |       |       |       |       |       |       |     1 ||     1
  Use: Potion            |     3 |     1 |     1 |     2 |     5 |       |    19 |     5 |    15 ||    51
       Scroll            |       |       |     5 |    20 |    13 |     4 |     6 |    10 |    12 ||    70
 Stab: Distracted        |       |       |       |     6 |    11 |    16 |    19 |    27 |     2 ||    81
       Petrified         |       |       |       |       |       |     2 |       |       |       ||     2
       Invisible         |       |       |       |       |       |       |     4 |     1 |       ||     5
       Confused          |       |       |       |       |       |       |       |       |     2 ||     2
Armor: Scale mail        |    87 |   100 |   193 |     4 |       |       |       |       |       ||   384
       Skin              |     2 |       |       |       |       |       |       |       |       ||     2
       Plate armour      |       |       |       |   113 |       |       |       |       |       ||   113
       Crystal plate arm |       |       |       |   181 |   342 |   511 |   306 |   348 |   475 ||  2163
Dodge: Dodged            |    76 |    81 |   138 |   158 |   102 |   194 |   108 |   114 |   302 ||  1273
Block: Buckler           |    49 |    39 |    77 |    69 |       |       |       |       |       ||   234
       Kite shield       |       |       |       |   176 |   477 |  1001 |  1078 |  1318 |   349 ||  4399
       Reflection        |       |       |       |     9 |    89 |   111 |   102 |    45 |     6 ||   362
       Tower shield      |       |       |       |       |       |       |       |    98 |  1389 ||  1487

Table legend: (Time is in decaauts)
 A = Elapsed time spent in this place.
 B = Non-inter-level travel time spent in this place.
 C = Inter-level travel time spent in this place.
 D = Time resting spent in this place.
 E = Time spent auto-exploring this place.
 F = Levels seen in this place.
 G = Mean time per level.
                   A        B        C        D        E       F      G
               +--------+--------+--------+--------+--------+-----+--------+
         Total |  52569 |  51296 |   1273 |   2368 |  15832 |  54 |  973.5 |
       Dungeon |  13977 |  13260 |    717 |    506 |   5352 |  15 |  931.8 |
        Temple |     46 |     46 |      0 |      0 |      0 |   1 |   46.0 |
          Lair |   5111 |   5111 |      0 |      0 |   2188 |   5 | 1022.2 |
        Shoals |   3353 |   3353 |      0 |     78 |    295 |   4 |  838.2 |
     Snake Pit |   4768 |   4768 |      0 |    366 |   1352 |   4 | 1192.0 |
  Orcish Mines |   1261 |   1118 |    143 |      0 |    286 |   2 |  630.5 |
   Elven Halls |   3556 |   3498 |     58 |    157 |    588 |   3 | 1185.3 |
        Vaults |   9006 |   8798 |    208 |    383 |   3093 |   5 | 1801.2 |
         Crypt |   2396 |   2396 |      0 |     80 |    517 |   3 |  798.7 |
          Tomb |   1514 |   1514 |      0 |    350 |      0 |   3 |  504.7 |
        Depths |   5342 |   5197 |    145 |    187 |   1597 |   4 | 1335.5 |
        Bazaar |     49 |     49 |      0 |      0 |      0 |   1 |   49.0 |
        Bailey |   1074 |   1074 |      0 |    134 |    466 |   1 | 1074.0 |
      Ice Cave |    461 |    461 |      0 |    127 |     85 |   1 |  461.0 |
       Volcano |    176 |    176 |      0 |      0 |     13 |   1 |  176.0 |
      Gauntlet |    475 |    475 |      0 |      0 |      0 |   1 |  475.0 |
               +--------+--------+--------+--------+--------+-----+--------+

Top non-repeatable levels by time:
Vaults:5: 2432 daAuts
    D:15: 1974 daAuts
Vaults:4: 1939 daAuts
 Snake:2: 1881 daAuts
Vaults:3: 1624 daAuts
Depths:2: 1596 daAuts
Depths:3: 1577 daAuts
   Elf:3: 1545 daAuts
Vaults:2: 1530 daAuts
Vaults:1: 1480 daAuts
    D:10: 1458 daAuts
  Lair:2: 1451 daAuts
Depths:1: 1331 daAuts
   Elf:1: 1216 daAuts
 Snake:3: 1193 daAuts
